Roadrunners vs Condors

Created - 4 octobre 2023 at 19:54

Goals
1 2 3 T
Roadrunners 1 1 2 4
Condors 0 3 0 3
Shots
1 2 3 T
Roadrunners 13 15 15 43
Condors 4 17 11 32

GoalsPenalties
1st period
1. Roadrunners , Kale Clague 1 (Julien Gauthier 8) at 18:07
No Penalty
2nd period
2. Condors , Egor Afanasyev 4 (Hunter McKown 8, Wade Allison 5) at 0:50
3. Roadrunners , Kale Clague 2 (Ridly Greig 4) at 5:35
4. Condors , James Hamblin 2 (Dmitri Samorukov 4, Alexander True 4) at 18:18
5. Condors , James Hamblin 3 (Dmitri Samorukov 5, Nick Blankenburg 5) at 19:59
Brayden Pachal (EDM) for Fighting (Major) at 7:31
Reilly Walsh (PHO) for Fighting (Major) at 7:31
Dmitri Samorukov (EDM) for Tripping (Minor) at 8:30
Cam Dineen (PHO) for Holding (Minor) at 19:22
Wade Allison (EDM) for Slashing (Minor) at 19:45
3rd period
6. Roadrunners , Julien Gauthier 9 (Ridly Greig 5) at 8:17 (PP)
7. Roadrunners , Julien Gauthier 10 (Kale Clague 4, Ridly Greig 6) at 13:58 (PP)
Jake Massie (PHO) for Roughing (Minor) at 4:58
Brandon Scanlin (EDM) for Interference (Minor) at 7:33
Jonathan Aspirot (EDM) for Boarding (Minor) at 10:04
Connor Bunnaman (EDM) for Roughing (Minor) at 12:29
James Hamblin (EDM) for Holding (Minor) at 17:25
Goalie Stats
Garrett Metcalf (PHO), 29 saves from 32 shots - (0,906), W, 6-6-2, 60:00 minutes
Ryan Fanti (EDM), 39 saves from 43 shots - (0,907), L, 0-1-0, 60:00 minutes
3 StarsOfficial
1 - Kale Clague (PHO)
2 - Julien Gauthier (PHO)
3 - Ridly Greig (PHO)
Referees : Chris Schlenker and Elizabeth Mantha
Linesman : Owen Gidlow and Jackie Spresser
Game Note
Andre Lee is injured at 8:43 of 1st period (Bruised Left Leg)
Brayden Pachal beats up Reilly Walsh at 7:31 of 2nd period



Team Name Goals Shots Shots Attemp Shots Blocked PIM HIT PP PK FO%
Roadrunners 4436899242 / 6 (33%)056%
Condors 332541317130 / 2 (0%)244%

Roadrunners
Player Name POS G A P +/- PIM HIT SHT SB MP PP MP PP SHT PK MP PK SHT FO% FOT GA TA
Anders BjorkLW/RW000-1001016:523:0500:1300% 000
Andy AndreoffC/LW000-1036016:393:0500:00060% 1501
Cam DineenD000-2221026:214:3701:2600% 000
Jack DuganLW000002106:480:0100:0000% 000
Jake MassieD0001212119:304:0010:0000% 000
Jamieson ReesC000000106:280:0000:000100% 100
Julien GauthierRW2130025024:264:5931:40067% 610
Kale ClagueLW21300210024:014:5901:46050% 200
Linus KarlssonRW0000010011:310:2900:0000% 010
Luke EvangelistaRW000-1026017:153:0520:220100% 110
Mac HollowellD0000000314:541:0500:0000% 000
Nick AbruzzeseC/LW000001209:520:0000:0000% 010
Reilly WalshD000-3513425:493:2901:4900% 002
Ridly GreigC/LW0331033121:514:5910:22056% 3200
Ryan O'RourkeD0001020019:463:5600:3300% 000
Samuel KnazkoD0001010015:050:2700:5600% 010
Trey Fix-WolanskyRW000000108:070:2900:0000% 000
William EklundC/LW0000011010:440:0000:21029% 700
Condors
Player Name POS G A P +/- PIM HIT SHT SB MP PP MP PP SHT PK MP PK SHT FO% FOT GA TA
Alexander TrueC/RW0111001019:000:0003:13050% 1400
Andre LeeC/LW000000011:450:0000:0000% 000
Austin RueschhoffRW000000006:350:0000:0000% 000
Brandon ScanlinD000-1202211:540:0001:5910% 000
Brayden PachalD0001510015:320:0001:5800% 001
Cole FonstadLW000-1002012:580:0000:2600% 000
Connor BunnamanC/LW0002201121:570:4901:56020% 510
Dmitri SamorukovD0221221326:071:3804:3000% 000
Egor AfanasyevC/LW1010014020:361:3300:0000% 200
Filip RoosD000000015:530:4400:0000% 000
Grant HuttonD000-1010116:040:0001:3400% 001
Hunter McKownC0110023018:341:3302:20042% 2400
James HamblinC/RW2022217018:170:0002:56050% 201
Jonathan AspirotD0001212017:380:4401:4000% 001
Nick BlankenburgD0111012327:081:3815:2500% 011
Tristen NielsenC000-1022012:110:4900:00071% 700
Ty TullioRW000-1001116:440:4902:07067% 310
Wade AllisonRW0110214020:511:3204:08229% 700

Roadrunners

5 vs 5 Forward
Line #Left WingCenterRight WingPHYDFOFWanted %Time %Time Play
1Kale ClagueRidly GreigJulien Gauthier1224037%17:18
2Anders BjorkAndy AndreoffLuke Evangelista1223029%13:34
3Nick AbruzzeseWilliam EklundLinus Karlsson1222021%9:52
4Jack DuganJamieson ReesTrey Fix-Wolansky1221014%6:28
5 vs 5 Defense
Line #DefenseDefensePHYDFOFWanted %Time %Time Play
1Cam DineenReilly Walsh1224039%18:22
2Jake MassieRyan O'Rourke1223031%14:41
3Mac HollowellSamuel Knazko1222023%10:50
4Cam DineenReilly Walsh122107%3:19
Power Play Forward
Line #Left WingCenterRight WingPHYDFOFWanted %Time %Time Play
1Kale ClagueRidly GreigJulien Gauthier1226064%5:28
2Anders BjorkAndy AndreoffLuke Evangelista1224036%3:05
Power Play Defense
Line #DefenseDefensePHYDFOFWanted %Time %Time Play
1Cam DineenReilly Walsh1226056%4:46
2Jake MassieRyan O'Rourke1224044%3:47
Penalty Kill 4 Players Forward
Line #CenterWingPHYDFOFWanted %Time %Time Play
1Julien GauthierKale Clague1226085%2:00
2Luke EvangelistaRidly Greig1224015%0:22
Penalty Kill 4 Players Defense
Line #DefenseDefensePHYDFOFWanted %Time %Time Play
1Cam DineenReilly Walsh1226077%1:49
2Jake MassieRyan O'Rourke1224023%0:33
Penalty Kill 3 Players
Line #WingPHYDFOFWanted %Time %Time PlayDefenseDefensePHYDFOFWanted %Time %Time Play
1Julien Gauthier122600%0:00 Cam DineenReilly Walsh122600%0:00
2Kale Clague122400%0:00 Jake MassieRyan O'Rourke122400%0:00
4 vs 4 Forward
Line #CenterWingPHYDFOFWanted %Time %Time Play
1Julien GauthierKale Clague1226085%1:22
2Luke EvangelistaRidly Greig1224015%0:14
4 vs 4 Defense
Line #DefensePHYDFOFWanted %Time %Time Play
1Cam DineenReilly Walsh1226085%60% - 1:22
2Jake MassieRyan O'Rourke1224015%40% - 0:14
Last Minutes Offensive
Left WingCenterRight WingDefenseDefense
Kale ClagueRidly GreigJulien GauthierCam DineenReilly Walsh
Last Minutes Defensive
Left WingCenterRight WingDefenseDefense
Kale ClagueRidly GreigJulien GauthierCam DineenReilly Walsh
Time
Total ForwardTotal DefenseLast Minutes OffensiveLast Minutes Defensive
60:00 60:00 0:000:17
Extra Forwards
Normal PowerPlayPenalty Kill
Linus Karlsson, Trey Fix-Wolansky, William EklundLinus Karlsson, Trey Fix-WolanskyWilliam Eklund
Extra Defensemen
Normal PowerPlayPenalty Kill
Mac Hollowell, Samuel Knazko, Jake MassieMac Hollowell, Samuel KnazkoJake Massie
Penalty Shots
Julien Gauthier, Kale Clague, Luke Evangelista, Ridly Greig, Anders Bjork
Goalie
Garrett Metcalf, Daniil Chechelev
Scratches
Brayden Tracey (Healthy), Evan Barratt (Healthy), Bobby Brink (Healthy), Fredrik Karlstrom (Healthy), Grant Mismash (Healthy) Brad Lambert (Healthy), Brendan Brisson (Healthy), Ivan Morozov (Healthy), Josh Doan (Healthy), Karl Henriksson (Healthy) Darion Hanson (Healthy)

Condors

5 vs 5 Forward
Line #Left WingCenterRight WingPHYDFOFWanted %Time %Time Play
1Egor AfanasyevHunter McKownWade Allison1223531%14:46
2Connor BunnamanAlexander TrueJames Hamblin1223530%14:16
3Cole FonstadTristen NielsenTy Tullio1222024%11:22
4Egor AfanasyevAndre LeeAustin Rueschhoff1221014%6:35
5 vs 5 Defense
Line #DefenseDefensePHYDFOFWanted %Time %Time Play
1Nick BlankenburgDmitri Samorukov1224040%19:01
2Jonathan AspirotBrayden Pachal1223031%14:30
3Grant HuttonBrandon Scanlin1222019%8:49
4Grant HuttonFilip Roos1221010%4:39
Power Play Forward
Line #Left WingCenterRight WingPHYDFOFWanted %Time %Time Play
1Egor AfanasyevHunter McKownWade Allison0146065%1:33
2Andre LeeTristen NielsenTy Tullio0144035%0:49
Power Play Defense
Line #DefenseDefensePHYDFOFWanted %Time %Time Play
1Nick BlankenburgDmitri Samorukov1135669%1:38
2Jonathan AspirotFilip Roos1134431%0:44
Penalty Kill 4 Players Forward
Line #CenterWingPHYDFOFWanted %Time %Time Play
1Wade AllisonJames Hamblin1316073%6:13
2Hunter McKownAlexander True1314027%2:20
Penalty Kill 4 Players Defense
Line #DefenseDefensePHYDFOFWanted %Time %Time Play
1Nick BlankenburgDmitri Samorukov1406063%5:25
2Jonathan AspirotBrayden Pachal1404037%3:08
Penalty Kill 3 Players
Line #WingPHYDFOFWanted %Time %Time PlayDefenseDefensePHYDFOFWanted %Time %Time Play
1Wade Allison122600%0:00 Nick BlankenburgDmitri Samorukov122600%0:00
2James Hamblin122400%0:00 Jonathan AspirotBrayden Pachal122400%0:00
4 vs 4 Forward
Line #CenterWingPHYDFOFWanted %Time %Time Play
1Wade AllisonJames Hamblin12260100%1:36
2Hunter McKownAlexander True122400%0:00
4 vs 4 Defense
Line #DefensePHYDFOFWanted %Time %Time Play
1Nick BlankenburgDmitri Samorukov1226067%60% - 1:04
2Jonathan AspirotBrayden Pachal1224033%40% - 0:32
Last Minutes Offensive
Left WingCenterRight WingDefenseDefense
Egor AfanasyevHunter McKownWade AllisonFilip RoosDmitri Samorukov
Last Minutes Defensive
Left WingCenterRight WingDefenseDefense
Connor BunnamanAndre LeeAustin RueschhoffGrant HuttonBrandon Scanlin
Time
Total ForwardTotal DefenseLast Minutes OffensiveLast Minutes Defensive
60:00 60:00 0:300:00
Extra Forwards
Normal PowerPlayPenalty Kill
Andre Lee, Connor Bunnaman, Ty TullioAndre Lee, Connor BunnamanTy Tullio
Extra Defensemen
Normal PowerPlayPenalty Kill
Grant Hutton, Brandon Scanlin, Filip RoosGrant Hutton, Brayden PachalBrandon Scanlin
Penalty Shots
Wade Allison, Tristen Nielsen, Hunter McKown, Alexander True, Andre Lee
Goalie
Ryan Fanti, Hunter Shepard
Scratches
Nikolai Knyzhov (Healthy), Nick Wolff (Healthy), Zack Hayes (Healthy), Patrick Giles (Healthy), Walker Duehr (Bruised Right Arm Injury) Cole Krygier (Healthy), Jack St. Ivany (Healthy), Jordan Frasca (Healthy), Luke Toporowski (Healthy), Navrin Mutter (Healthy) Vasili Ponomarev (Healthy), Olle Eriksson Ek (Healthy), Pavel Cajan (Healthy)


Play-by-Play

1st period


0:01 of 1st period - Hunter McKown wins face-off versus Ridly Greig in neutral zone.
0:32 of 1st period - Snap shot by Andy Andreoff.
0:32 of 1st period - Shot Misses the Net.
1:06 of 1st period - Brayden Pachal is hit by Jack Dugan and loses puck.
1:29 of 1st period - Wrist shot by James Hamblin.
1:29 of 1st period - Shot Misses the Net.
1:33 of 1st period - Snap shot by James Hamblin.
1:33 of 1st period - Stopped by Garrett Metcalf with a rebound.
1:35 of 1st period - Slapshot by Jonathan Aspirot.
1:35 of 1st period - Stopped by Garrett Metcalf with a rebound.
1:47 of 1st period - Grant Hutton is hit by Luke Evangelista and loses puck.
2:34 of 1st period - Trey Fix-Wolansky is hit by Tristen Nielsen and loses puck.
3:49 of 1st period - Brayden Pachal is hit by Reilly Walsh and loses puck.
4:00 of 1st period - Slapshot by Jamieson Rees.
4:00 of 1st period - Shot Misses the Net.
4:24 of 1st period - Wade Allison is hit by Andy Andreoff and loses puck.
4:55 of 1st period - Ty Tullio is hit by Nick Abruzzese and loses puck.
5:36 of 1st period - Wrist shot by Kale Clague.
5:36 of 1st period - Stopped by Ryan Fanti with a rebound.
5:38 of 1st period - Slapshot by Samuel Knazko.
5:38 of 1st period - Shot Misses the Net.
6:27 of 1st period - Brayden Pachal is hit by Ryan O'Rourke and loses puck.
7:14 of 1st period - Slapshot by James Hamblin.
7:14 of 1st period - Deflect By Ryan O'Rourke.
7:14 of 1st period - Shot Misses the Net.
7:14 of 1st period - Puck is out of play.
7:15 of 1st period - Luke Evangelista wins face-off versus Hunter McKown in Roadrunners zone.
8:43 of 1st period - Slapshot by Linus Karlsson.
8:43 of 1st period - Shot Blocked by Andre Lee.
8:43 of 1st period - Andre Lee from Condors is injured at 8:43 of 1st period (Bruised Left Leg).
8:44 of 1st period - Hunter McKown wins face-off versus Ridly Greig in Condors zone.
8:44 of 1st period - Hunter McKown is hit by Julien Gauthier.
8:54 of 1st period - Slapshot by Nick Blankenburg.
8:54 of 1st period - Shot Blocked by Reilly Walsh.
8:56 of 1st period - Slapshot by Nick Blankenburg.
8:56 of 1st period - Shot Blocked by Reilly Walsh.
8:58 of 1st period - Slapshot by Egor Afanasyev.
8:58 of 1st period - Deflect By Reilly Walsh.
8:58 of 1st period - Shot Misses the Net.
8:58 of 1st period - Puck is out of play.
8:59 of 1st period - Alexander True wins face-off versus Andy Andreoff in Roadrunners zone.
9:14 of 1st period - Wrist shot by Andy Andreoff.
9:14 of 1st period - Stopped by Ryan Fanti with a rebound.
9:26 of 1st period - Wade Allison is hit by Ridly Greig.
10:17 of 1st period - Slapshot by Alexander True.
10:17 of 1st period - Deflect By Connor Bunnaman.
10:17 of 1st period - Stopped by Garrett Metcalf with a rebound.
10:19 of 1st period - Snap shot by Nick Blankenburg.
10:19 of 1st period - Deflect By James Hamblin.
10:19 of 1st period - Shot Misses the Net.
10:19 of 1st period - Puck is out of play.
10:20 of 1st period - Hunter McKown wins face-off versus Ridly Greig in Roadrunners zone.
10:47 of 1st period - Connor Bunnaman is hit by William Eklund and loses puck.
11:18 of 1st period - Slapshot by Andy Andreoff.
11:18 of 1st period - Stopped by Ryan Fanti with a rebound.
11:20 of 1st period - Wrist shot by Luke Evangelista.
11:20 of 1st period - Stopped by Ryan Fanti without a rebound.
11:21 of 1st period - Ridly Greig wins face-off versus Hunter McKown in Condors zone.
11:22 of 1st period - Wrist shot by Kale Clague.
11:22 of 1st period - Stopped by Ryan Fanti with a rebound.
12:15 of 1st period - Ryan O'Rourke is hit by Brayden Pachal and loses puck.
12:28 of 1st period - Slapshot by Connor Bunnaman.
12:28 of 1st period - Shot Misses the Net.
12:30 of 1st period - Slapshot by Brandon Scanlin.
12:30 of 1st period - Shot Misses the Net.
13:46 of 1st period - Snap shot by Nick Abruzzese.
13:46 of 1st period - Shot Misses the Net.
14:08 of 1st period - Snap shot by Andy Andreoff.
14:08 of 1st period - Stopped by Ryan Fanti without a rebound.
14:09 of 1st period - Hunter McKown wins face-off versus Ridly Greig in Condors zone.
14:09 of 1st period - Hunter McKown is hit by Ridly Greig.
14:12 of 1st period - Icing by Wade Allison.
14:13 of 1st period - Kale Clague wins face-off versus Hunter McKown in Condors zone.
14:33 of 1st period - Snap shot by Cole Fonstad.
14:33 of 1st period - Stopped by Garrett Metcalf with a rebound.
14:39 of 1st period - Tristen Nielsen is hit by Cam Dineen and loses puck.
15:14 of 1st period - Wrist shot by Ridly Greig.
15:14 of 1st period - Shot Blocked by Brandon Scanlin.
15:16 of 1st period - Snap shot by Julien Gauthier.
15:16 of 1st period - Shot Blocked by Ty Tullio.
15:18 of 1st period - Snap shot by Julien Gauthier.
15:18 of 1st period - Shot Misses the Net.
15:20 of 1st period - Wrist shot by Cam Dineen.
15:20 of 1st period - Shot Blocked by Grant Hutton.
15:22 of 1st period - Slapshot by Reilly Walsh.
15:22 of 1st period - Deflect By Ty Tullio.
15:22 of 1st period - Stopped by Ryan Fanti with a rebound.
15:24 of 1st period - Slapshot by Julien Gauthier.
15:24 of 1st period - Stopped by Ryan Fanti without a rebound.
15:25 of 1st period - Andy Andreoff wins face-off versus Alexander True in Condors zone.
17:31 of 1st period - Slapshot by Trey Fix-Wolansky.
17:31 of 1st period - Stopped by Ryan Fanti without a rebound.
17:32 of 1st period - Jamieson Rees wins face-off versus Connor Bunnaman in Condors zone.
17:37 of 1st period - Snap shot by Jack Dugan.
17:37 of 1st period - Stopped by Ryan Fanti with a rebound.
17:39 of 1st period - Slapshot by Mac Hollowell.
17:39 of 1st period - Shot Blocked by Dmitri Samorukov.
17:41 of 1st period - Slapshot by Mac Hollowell.
17:41 of 1st period - Shot Misses the Net.
18:03 of 1st period - Snap shot by Kale Clague.
18:03 of 1st period - Shot Blocked by Dmitri Samorukov.
18:07 of 1st period - Snap shot by Kale Clague.
18:07 of 1st period - Goal by Kale Clague - Roadrunners : 1 - Condors : 0.
18:08 of 1st period - Ridly Greig wins face-off versus Egor Afanasyev in neutral zone.
18:23 of 1st period - Wrist shot by Egor Afanasyev.
18:23 of 1st period - Shot Misses the Net.
18:38 of 1st period - Slapshot by Nick Blankenburg.
18:38 of 1st period - Shot Blocked by Reilly Walsh.
18:44 of 1st period - Slapshot by Andy Andreoff.
18:44 of 1st period - Stopped by Ryan Fanti with a rebound.
18:58 of 1st period - William Eklund is hit by Dmitri Samorukov and loses puck.
19:23 of 1st period - Hunter McKown is hit by Samuel Knazko and loses puck.
19:28 of 1st period - Snap shot by Kale Clague.
19:28 of 1st period - Stopped by Ryan Fanti with a rebound.
Goals for this period are 1 for Roadrunners vs 0 for Condors.
Shots for this period are 13 for Roadrunners vs 4 for Condors.

2nd period


0:01 of 2nd period - Alexander True wins face-off versus Ridly Greig in neutral zone.
0:17 of 2nd period - Icing by Jonathan Aspirot.
0:18 of 2nd period - Alexander True wins face-off versus Andy Andreoff in Condors zone.
0:50 of 2nd period - Wrist shot by Egor Afanasyev.
0:50 of 2nd period - Goal by Egor Afanasyev - Roadrunners : 1 - Condors : 1.
0:51 of 2nd period - Ridly Greig wins face-off versus James Hamblin in neutral zone.
1:25 of 2nd period - Snap shot by Hunter McKown.
1:25 of 2nd period - Stopped by Garrett Metcalf without a rebound.
1:26 of 2nd period - Hunter McKown wins face-off versus Andy Andreoff in Roadrunners zone.
1:29 of 2nd period - Wrist shot by Wade Allison.
1:29 of 2nd period - Stopped by Garrett Metcalf with a rebound.
1:31 of 2nd period - Wrist shot by Hunter McKown.
1:31 of 2nd period - Deflect By Wade Allison.
1:31 of 2nd period - Shot Misses the Net.
1:31 of 2nd period - Puck is out of play.
1:32 of 2nd period - Andy Andreoff wins face-off versus Alexander True in Roadrunners zone.
1:39 of 2nd period - Snap shot by Andy Andreoff.
1:39 of 2nd period - Shot Blocked by Connor Bunnaman.
1:41 of 2nd period - Slapshot by Andy Andreoff.
1:41 of 2nd period - Shot Blocked by Filip Roos.
1:43 of 2nd period - Wrist shot by Jake Massie.
1:43 of 2nd period - Stopped by Ryan Fanti with a rebound.
1:45 of 2nd period - Wrist shot by Andy Andreoff.
1:45 of 2nd period - Stopped by Ryan Fanti with a rebound.
1:47 of 2nd period - Backhand shot by Ryan O'Rourke.
1:47 of 2nd period - Shot Misses the Net.
3:28 of 2nd period - Slapshot by Julien Gauthier.
3:28 of 2nd period - Stopped by Ryan Fanti without a rebound.
3:29 of 2nd period - Ridly Greig wins face-off versus Alexander True in Condors zone.
3:30 of 2nd period - Backhand shot by Kale Clague.
3:30 of 2nd period - Stopped by Ryan Fanti without a rebound.
3:31 of 2nd period - Ridly Greig wins face-off versus Alexander True in Condors zone.
3:34 of 2nd period - Wrist shot by Julien Gauthier.
3:34 of 2nd period - Shot Misses the Net.
4:01 of 2nd period - Hunter McKown is hit by Luke Evangelista and loses puck.
4:37 of 2nd period - Backhand shot by Jamieson Rees.
4:37 of 2nd period - Stopped by Ryan Fanti with a rebound.
5:08 of 2nd period - Wrist shot by Luke Evangelista.
5:08 of 2nd period - Stopped by Ryan Fanti without a rebound.
5:09 of 2nd period - Andy Andreoff wins face-off versus Connor Bunnaman in Condors zone.
5:14 of 2nd period - Snap shot by Anders Bjork.
5:14 of 2nd period - Shot Blocked by Brandon Scanlin.
5:19 of 2nd period - Off-side.
5:20 of 2nd period - Hunter McKown wins face-off versus Ridly Greig in neutral zone.
5:27 of 2nd period - Snap shot by Kale Clague.
5:27 of 2nd period - Stopped by Ryan Fanti with a rebound.
5:35 of 2nd period - Snap shot by Kale Clague.
5:35 of 2nd period - Goal by Kale Clague - Roadrunners : 2 - Condors : 1.
5:36 of 2nd period - Wade Allison wins face-off versus Ridly Greig in neutral zone.
5:39 of 2nd period - Snap shot by Hunter McKown.
5:39 of 2nd period - Stopped by Garrett Metcalf with a rebound.
6:46 of 2nd period - Wrist shot by Egor Afanasyev.
6:46 of 2nd period - Stopped by Garrett Metcalf without a rebound.
6:47 of 2nd period - Ridly Greig wins face-off versus Hunter McKown in Roadrunners zone.
6:47 of 2nd period - Ridly Greig is hit by Grant Hutton.
7:13 of 2nd period - Andy Andreoff is hit by James Hamblin and loses puck.
7:18 of 2nd period - Snap shot by James Hamblin.
7:18 of 2nd period - Stopped by Garrett Metcalf without a rebound.
7:19 of 2nd period - Andy Andreoff wins face-off versus Alexander True in Roadrunners zone.
7:31 of 2nd period - Brayden Pachal beats up Reilly Walsh.
7:31 of 2nd period - Penalty to Brayden Pachal for Fighting.
7:31 of 2nd period - Penalty to Reilly Walsh for Fighting.
7:32 of 2nd period - Ridly Greig wins face-off versus Egor Afanasyev in Condors zone.
7:35 of 2nd period - Snap shot by Julien Gauthier.
7:35 of 2nd period - Deflect By Kale Clague.
7:35 of 2nd period - Shot Blocked by Nick Blankenburg.
7:35 of 2nd period - Puck is out of play.
7:36 of 2nd period - Hunter McKown wins face-off versus Ridly Greig in Condors zone.
7:41 of 2nd period - Slapshot by Nick Blankenburg.
7:41 of 2nd period - Shot Blocked by Mac Hollowell.
7:43 of 2nd period - Wrist shot by Hunter McKown.
7:43 of 2nd period - Stopped by Garrett Metcalf with a rebound.
7:45 of 2nd period - Slapshot by Dmitri Samorukov.
7:45 of 2nd period - Deflect By Hunter McKown.
7:45 of 2nd period - Shot Blocked by Ridly Greig.
7:45 of 2nd period - Puck is out of play.
7:46 of 2nd period - Alexander True wins face-off versus Ridly Greig in Roadrunners zone.
7:57 of 2nd period - Snap shot by Kale Clague.
7:57 of 2nd period - Stopped by Ryan Fanti with a rebound.
8:30 of 2nd period - Minor Penalty to Dmitri Samorukov for Tripping.
8:31 of 2nd period - James Hamblin wins face-off versus Kale Clague in Condors zone.
8:31 of 2nd period - James Hamblin is hit by Kale Clague.
8:43 of 2nd period - Wrist shot by Wade Allison.
8:43 of 2nd period - Stopped by Garrett Metcalf with a rebound.
8:45 of 2nd period - Snap shot by Nick Blankenburg.
8:45 of 2nd period - Shot Blocked by Mac Hollowell.
8:47 of 2nd period - Snap shot by Brandon Scanlin.
8:47 of 2nd period - Deflect By Cam Dineen.
8:47 of 2nd period - Stopped by Garrett Metcalf with a rebound.
10:30 of 2nd period - Penalty to Dmitri Samorukov is over, Dmitri Samorukov is back on ice.
10:41 of 2nd period - Wrist shot by Egor Afanasyev.
10:41 of 2nd period - Stopped by Garrett Metcalf with a rebound.
11:39 of 2nd period - Snap shot by Cole Fonstad.
11:39 of 2nd period - Stopped by Garrett Metcalf without a rebound.
11:40 of 2nd period - Ridly Greig wins face-off versus Alexander True in Roadrunners zone.
12:20 of 2nd period - Tristen Nielsen is hit by Jack Dugan and loses puck.
12:51 of 2nd period - Wrist shot by William Eklund.
12:51 of 2nd period - Stopped by Ryan Fanti with a rebound.
13:06 of 2nd period - Samuel Knazko is hit by Hunter McKown and loses puck.
14:31 of 2nd period - Alexander True is hit by Julien Gauthier and loses puck.
14:58 of 2nd period - Connor Bunnaman is hit by Andy Andreoff and loses puck.
15:16 of 2nd period - Off-side.
15:17 of 2nd period - William Eklund wins face-off versus Ty Tullio in neutral zone.
15:33 of 2nd period - Tristen Nielsen is hit by Linus Karlsson and loses puck.
15:38 of 2nd period - Slapshot by Nick Abruzzese.
15:38 of 2nd period - Stopped by Ryan Fanti without a rebound.
15:39 of 2nd period - Ridly Greig wins face-off versus Hunter McKown in Condors zone.
16:13 of 2nd period - Wrist shot by Luke Evangelista.
16:13 of 2nd period - Stopped by Ryan Fanti with a rebound.
16:15 of 2nd period - Snap shot by Anders Bjork.
16:15 of 2nd period - Stopped by Ryan Fanti without a rebound.
16:16 of 2nd period - Tristen Nielsen wins face-off versus Ridly Greig in Condors zone.
16:21 of 2nd period - Snap shot by Nick Blankenburg.
16:21 of 2nd period - Shot Misses the Net.
16:23 of 2nd period - Slapshot by Dmitri Samorukov.
16:23 of 2nd period - Stopped by Garrett Metcalf with a rebound.
16:25 of 2nd period - Slapshot by Nick Blankenburg.
16:25 of 2nd period - Deflect By Tristen Nielsen.
16:25 of 2nd period - Stopped by Garrett Metcalf with a rebound.
17:07 of 2nd period - Slapshot by Mac Hollowell.
17:07 of 2nd period - Deflect By Nick Abruzzese.
17:07 of 2nd period - Stopped by Ryan Fanti without a rebound.
17:08 of 2nd period - Ty Tullio wins face-off versus William Eklund in Condors zone.
17:21 of 2nd period - Slapshot by Ty Tullio.
17:21 of 2nd period - Stopped by Garrett Metcalf with a rebound.
17:23 of 2nd period - Slapshot by Brandon Scanlin.
17:23 of 2nd period - Stopped by Garrett Metcalf with a rebound.
17:33 of 2nd period - Connor Bunnaman is hit by Ridly Greig and loses puck.
17:42 of 2nd period - Wrist shot by Kale Clague.
17:42 of 2nd period - Stopped by Ryan Fanti without a rebound.
17:43 of 2nd period - Ridly Greig wins face-off versus Hunter McKown in Condors zone.
18:18 of 2nd period - Slapshot by James Hamblin.
18:18 of 2nd period - Goal by James Hamblin - Roadrunners : 2 - Condors : 2.
18:19 of 2nd period - Alexander True wins face-off versus Ridly Greig in neutral zone.
19:11 of 2nd period - Icing by Nick Blankenburg.
19:12 of 2nd period - Hunter McKown wins face-off versus Andy Andreoff in Condors zone.
19:12 of 2nd period - Hunter McKown is hit by Andy Andreoff.
19:19 of 2nd period - Off-side.
19:20 of 2nd period - Andy Andreoff wins face-off versus Hunter McKown in neutral zone.
19:22 of 2nd period - Minor Penalty to Cam Dineen for Holding.
19:23 of 2nd period - Julien Gauthier wins face-off versus Hunter McKown in Roadrunners zone.
19:45 of 2nd period - Minor Penalty to Wade Allison for Slashing.
19:46 of 2nd period - Julien Gauthier wins face-off versus Connor Bunnaman in Condors zone.
19:59 of 2nd period - Wrist shot by James Hamblin.
19:59 of 2nd period - Goal by James Hamblin - Roadrunners : 2 - Condors : 3.
Goals for this period are 1 for Roadrunners vs 3 for Condors.
Shots for this period are 15 for Roadrunners vs 17 for Condors.

3rd period


0:01 of 3rd period - Julien Gauthier wins face-off versus Connor Bunnaman in neutral zone.
0:10 of 3rd period - Snap shot by Kale Clague.
0:10 of 3rd period - Shot Blocked by Nick Blankenburg.
1:22 of 3rd period - Penalty to Cam Dineen is over, Cam Dineen is back on ice.
1:45 of 3rd period - Penalty to Wade Allison is over, Wade Allison is back on ice.
1:58 of 3rd period - Snap shot by Ty Tullio.
1:58 of 3rd period - Deflect By Wade Allison.
1:58 of 3rd period - Stopped by Garrett Metcalf without a rebound.
1:59 of 3rd period - Hunter McKown wins face-off versus Andy Andreoff in Roadrunners zone.
2:00 of 3rd period - Snap shot by Egor Afanasyev.
2:00 of 3rd period - Shot Misses the Net.
2:02 of 3rd period - Snap shot by Hunter McKown.
2:02 of 3rd period - Shot Blocked by Jake Massie.
2:04 of 3rd period - Slapshot by Jonathan Aspirot.
2:04 of 3rd period - Deflect By Luke Evangelista.
2:04 of 3rd period - Stopped by Garrett Metcalf with a rebound.
2:06 of 3rd period - Snap shot by Egor Afanasyev.
2:06 of 3rd period - Stopped by Garrett Metcalf with a rebound.
2:08 of 3rd period - Slapshot by Hunter McKown.
2:08 of 3rd period - Shot Misses the Net.
2:10 of 3rd period - Snap shot by Egor Afanasyev.
2:10 of 3rd period - Deflect By Wade Allison.
2:10 of 3rd period - Shot Misses the Net.
2:10 of 3rd period - Puck is out of play.
2:11 of 3rd period - Ridly Greig wins face-off versus Hunter McKown in Roadrunners zone.
3:02 of 3rd period - Snap shot by Kale Clague.
3:02 of 3rd period - Stopped by Ryan Fanti without a rebound.
3:03 of 3rd period - Alexander True wins face-off versus Andy Andreoff in Condors zone.
3:33 of 3rd period - Slapshot by Samuel Knazko.
3:33 of 3rd period - Shot Misses the Net.
3:53 of 3rd period - Snap shot by Ty Tullio.
3:53 of 3rd period - Shot Misses the Net.
4:28 of 3rd period - James Hamblin is hit by Kale Clague and loses puck.
4:53 of 3rd period - Off-side.
4:54 of 3rd period - Tristen Nielsen wins face-off versus William Eklund in neutral zone.
4:58 of 3rd period - Minor Penalty to Jake Massie for Roughing.
4:59 of 3rd period - Hunter McKown wins face-off versus Julien Gauthier in Roadrunners zone.
5:15 of 3rd period - Wrist shot by Kale Clague.
5:15 of 3rd period - Shot Misses the Net.
5:52 of 3rd period - Slapshot by Nick Blankenburg.
5:52 of 3rd period - Stopped by Garrett Metcalf without a rebound.
5:53 of 3rd period - Tristen Nielsen wins face-off versus William Eklund in Roadrunners zone.
6:05 of 3rd period - Off-side.
6:06 of 3rd period - Tristen Nielsen wins face-off versus Julien Gauthier in neutral zone.
6:11 of 3rd period - Reilly Walsh is hit by Jonathan Aspirot and loses puck.
6:32 of 3rd period - Luke Evangelista is hit by Hunter McKown and loses puck.
6:58 of 3rd period - Penalty to Jake Massie is over, Jake Massie is back on ice.
7:09 of 3rd period - Jake Massie is hit by Egor Afanasyev and loses puck.
7:33 of 3rd period - Minor Penalty to Brandon Scanlin for Interference.
7:34 of 3rd period - Andy Andreoff wins face-off versus Wade Allison in Condors zone.
7:34 of 3rd period - Slapshot by Luke Evangelista.
7:34 of 3rd period - Stopped by Ryan Fanti with a rebound.
7:44 of 3rd period - Snap shot by Wade Allison.
7:44 of 3rd period - Stopped by Garrett Metcalf with a rebound.
8:09 of 3rd period - Icing by Reilly Walsh.
8:10 of 3rd period - Ridly Greig wins face-off versus Hunter McKown in Roadrunners zone.
8:17 of 3rd period - Backhand shot by Julien Gauthier.
8:17 of 3rd period - Goal by Julien Gauthier - Roadrunners : 3 - Condors : 3.
8:18 of 3rd period - Alexander True wins face-off versus Ridly Greig in neutral zone.
8:20 of 3rd period - Dmitri Samorukov is hit by Cam Dineen and loses puck.
9:05 of 3rd period - William Eklund is hit by Tristen Nielsen and loses puck.
9:30 of 3rd period - Mac Hollowell is hit by Dmitri Samorukov and loses puck.
10:04 of 3rd period - Minor Penalty to Jonathan Aspirot for Boarding.
10:05 of 3rd period - Ridly Greig wins face-off versus Wade Allison in Condors zone.
12:04 of 3rd period - Penalty to Jonathan Aspirot is over, Jonathan Aspirot is back on ice.
12:29 of 3rd period - Minor Penalty to Connor Bunnaman for Roughing.
12:30 of 3rd period - Ridly Greig wins face-off versus Wade Allison in Condors zone.
12:30 of 3rd period - Snap shot by Julien Gauthier.
12:30 of 3rd period - Stopped by Ryan Fanti without a rebound.
12:31 of 3rd period - Ridly Greig wins face-off versus Wade Allison in Condors zone.
12:50 of 3rd period - James Hamblin is hit by Jake Massie and loses puck.
13:03 of 3rd period - Dmitri Samorukov is hit by Ryan O'Rourke and loses puck.
13:22 of 3rd period - Wrist shot by Julien Gauthier.
13:22 of 3rd period - Shot Blocked by Nick Blankenburg.
13:24 of 3rd period - Slapshot by Jake Massie.
13:24 of 3rd period - Stopped by Ryan Fanti with a rebound.
13:26 of 3rd period - Wrist shot by Ridly Greig.
13:26 of 3rd period - Stopped by Ryan Fanti with a rebound.
13:58 of 3rd period - Slapshot by Julien Gauthier.
13:58 of 3rd period - Deflect By Alexander True.
13:58 of 3rd period - Goal by Julien Gauthier - Roadrunners : 4 - Condors : 3.
13:59 of 3rd period - Andy Andreoff wins face-off versus Tristen Nielsen in neutral zone.
14:02 of 3rd period - Wrist shot by Reilly Walsh.
14:02 of 3rd period - Shot Misses the Net.
14:04 of 3rd period - Wrist shot by Luke Evangelista.
14:04 of 3rd period - Deflect By Andy Andreoff.
14:04 of 3rd period - Stopped by Ryan Fanti with a rebound.
14:06 of 3rd period - Snap shot by Reilly Walsh.
14:06 of 3rd period - Deflect By Brayden Pachal.
14:06 of 3rd period - Stopped by Ryan Fanti without a rebound.
14:07 of 3rd period - Andy Andreoff wins face-off versus Tristen Nielsen in Condors zone.
14:20 of 3rd period - Slapshot by Andy Andreoff.
14:20 of 3rd period - Deflect By Luke Evangelista.
14:20 of 3rd period - Stopped by Ryan Fanti with a rebound.
14:22 of 3rd period - Slapshot by Cam Dineen.
14:22 of 3rd period - Deflect By Ty Tullio.
14:22 of 3rd period - Stopped by Ryan Fanti with a rebound.
15:20 of 3rd period - Slapshot by Alexander True.
15:20 of 3rd period - Shot Blocked by Mac Hollowell.
15:36 of 3rd period - Slapshot by James Hamblin.
15:36 of 3rd period - Stopped by Garrett Metcalf without a rebound.
15:37 of 3rd period - William Eklund wins face-off versus Alexander True in Roadrunners zone.
15:42 of 3rd period - Wrist shot by Alexander True.
15:42 of 3rd period - Stopped by Garrett Metcalf with a rebound.
15:44 of 3rd period - Wrist shot by James Hamblin.
15:44 of 3rd period - Stopped by Garrett Metcalf without a rebound.
15:45 of 3rd period - Ty Tullio wins face-off versus William Eklund in Roadrunners zone.
15:52 of 3rd period - Wrist shot by Tristen Nielsen.
15:52 of 3rd period - Shot Blocked by Reilly Walsh.
15:54 of 3rd period - Slapshot by Tristen Nielsen.
15:54 of 3rd period - Stopped by Garrett Metcalf with a rebound.
16:24 of 3rd period - Cam Dineen is hit by Nick Blankenburg and loses puck.
16:43 of 3rd period - Slapshot by Nick Blankenburg.
16:43 of 3rd period - Stopped by Garrett Metcalf with a rebound.
16:45 of 3rd period - Slapshot by James Hamblin.
16:45 of 3rd period - Stopped by Garrett Metcalf without a rebound.
16:46 of 3rd period - Tristen Nielsen wins face-off versus William Eklund in Roadrunners zone.
17:25 of 3rd period - Minor Penalty to James Hamblin for Holding.
17:26 of 3rd period - Wade Allison wins face-off versus Ridly Greig in Condors zone.
17:31 of 3rd period - Icing by Kale Clague.
17:32 of 3rd period - Ridly Greig wins face-off versus Wade Allison in Roadrunners zone.
18:08 of 3rd period - Wrist shot by Luke Evangelista.
18:08 of 3rd period - Stopped by Ryan Fanti without a rebound.
18:09 of 3rd period - Connor Bunnaman wins face-off versus Ridly Greig in Condors zone.
19:25 of 3rd period - Penalty to James Hamblin is over, James Hamblin is back on ice.
19:29 of 3rd period - Icing by Luke Evangelista.
19:30 of 3rd period - Andy Andreoff wins face-off versus Hunter McKown in Roadrunners zone.
19:30 of 3rd period - Andy Andreoff is hit by Wade Allison.
19:49 of 3rd period - Slapshot by Ridly Greig.
19:49 of 3rd period - Stopped by Ryan Fanti without a rebound.
19:50 of 3rd period - Todd McLellan call a timeout for Condors.
19:50 of 3rd period - Julien Gauthier wins face-off versus Hunter McKown in Condors zone.
19:51 of 3rd period - Wrist shot by Ridly Greig.
19:51 of 3rd period - Stopped by Ryan Fanti without a rebound.
19:52 of 3rd period - Ridly Greig wins face-off versus Hunter McKown in Condors zone.
19:53 of 3rd period - Snap shot by Kale Clague.
19:53 of 3rd period - Shot Blocked by Dmitri Samorukov.
19:55 of 3rd period - Wrist shot by Julien Gauthier.
19:55 of 3rd period - Shot Misses the Net.
19:57 of 3rd period - Wrist shot by Reilly Walsh.
19:57 of 3rd period - Stopped by Ryan Fanti without a rebound.
19:58 of 3rd period - Ridly Greig wins face-off versus Hunter McKown in Condors zone.
Goals for this period are 2 for Roadrunners vs 0 for Condors.
Shots for this period are 15 for Roadrunners vs 11 for Condors.